 Dungeon Crawl Stone Soup version 0.18.1-50-g88ac8fd (webtiles) character file.

427 Loliglazer the Chopper (level 6, -15/56 HPs)
             Began as a Hill Orc Berserker on May 9, 2017.
             Was a Believer of Trog.
             Demolished by an ogre
             ... wielding a +0 giant club
              (18 damage)
             ... on level 5 of the Dungeon.
             The game lasted 00:10:11 (2351 turns).

Loliglazer the Chopper (Hill Orc Berserker)         Turns: 2351, Time: 00:10:12

Health: -15/56     AC:  8    Str: 25    XL:     6   Next: 97%
Magic:  6/6        EV:  7    Int:  7    God:    Trog [**....]
Gold:   215        SH:  0    Dex: 10    Spells: 0 memorised, 5 levels left

rFire  . . .     SeeInvis .     q - +1 scythe (venom)
rCold  . . .     Gourm    .     m - +0 ring mail
rNeg   . . .     Faith    .     (shield currently unavailable)
rPois  .         Spirit   .     (no helmet)
rElec  .         Dismiss  .     y - +0 cloak
rCorr  .         Reflect  .     (no gloves)
SustAt .         Harm     .     (no boots)
MR     .....                    (no amulet)
Stlth  +.........               t - +1 ring of protection
                                g - +3 ring of strength

@: not resistant to hostile enchantments, very unstealthy
A: no striking features
a: Berserk, Trog's Hand, Burn Spellbooks, Renounce Religion


You were on level 5 of the Dungeon.
You worshipped Trog.
Trog was pleased with you.
You were not hungry.

You visited 1 branch of the dungeon, and saw 5 of its levels.

You collected 215 gold pieces.

Inventory:

Hand Weapons
 a - a +0 hand axe
 q - a +1 scythe of venom (weapon)
Missiles
 j - 7 javelins (quivered)
Armour
 b - a +0 animal skin
 m - a +0 ring mail (worn)
 y - a +0 cloak (worn)
Jewellery
 f - an uncursed ring of positive energy
 g - a +3 ring of strength (left hand)
 t - a +1 ring of protection (right hand)
Wands
 p - a wand of digging (6/24)
Scrolls
 d - 2 scrolls of identify
 i - a scroll of immolation {unknown}
 k - 4 scrolls of remove curse
 s - a scroll of amnesia {unknown}
 u - a scroll of random uselessness {unknown}
 v - a scroll of fog {unknown}
 x - a scroll of enchant armour {unknown}
Potions
 c - a potion of might {unknown}
 e - a potion of flight {unknown}
 h - 2 potions of haste {unknown}
 l - 3 potions of curing {unknown}
 n - a potion of agility
 o - a potion of lignification {unknown}
 w - a potion of degeneration {unknown}
Comestibles
 r - a meat ration


   Skills:
 + Level 5.5 Fighting
 + Level 6.0(6.2) Axes
 + Level 1.8(3.6) Polearms
 + Level 3.8 Armour
 + Level 3.0 Dodging
 + Level 0.5 Stealth


You had 5 spell levels left.
You didn't know any spells.

Dungeon Overview and Level Annotations

Branches:
Dungeon (5/15)
 Temple: D:4-7

Altars:
Okawaru


Message History

A giant gecko skeleton comes into view.
You see here a long sword.
The giant newt hisses menacingly.
Found an escape hatch in the ceiling.
Found 10 stones.
Found 3 blue potions.
Found 7 javelins and 8 arrows.
You see here 3 blue potions.
An ogre comes into view. It is wielding a giant club.
The ogre shouts!
The ogre hits you with a giant club!!
* * * LOW HITPOINT WARNING * * *
Found 3 gold pieces.
Found a stone staircase leading down.
Found a scroll labeled CEISHR HATI.
You see here 3 gold pieces.
There is a stone staircase leading down here.
The giant gecko skeleton closely misses you.
The ogre hits you with a giant club!!
You die...

.##.# ###.#####.####
<##(# #............?
)##.# #.##.#.#..###
.##(# #..........# .##.#
#..........# # .##.#
#..........####..#
.##.###.........l.......
.Z.l.!.........ZO.###.##
..######........@.#
............#.....#
.................##
.#######.......... ##
########## #


You could see an ogre, a giant newt and a giant gecko skeleton.

Vanquished Creatures
  Sigmund (D:2)
  A jelly (D:4)
  An iguana (D:4)
  Ijyb (D:2)
  Natasha (D:2)
  2 worker ants (D:4)
  4 gnolls (D:4)
  2 adders
  An adder skeleton (D:4)
  3 worms
  A dart slug (D:3)
  A giant gecko (D:2)
  3 orcs
  2 giant cockroaches
  5 goblins
  2 hobgoblins
  3 jackals (D:4)
  2 bats (D:2)
  4 giant newts
  3 kobolds
  A quokka skeleton (D:4)
  5 rats
49 creatures vanquished.

Notes
Turn   | Place    | Note
--------------------------------------------------------------
     0 | D:1      | Loliglazer the Hill Orc Berserker began the quest for the Orb.
     0 | D:1      | Reached XP level 1. HP: 19/19 MP: 1/1
   182 | D:1      | Reached XP level 2. HP: 24/27 MP: 2/2
   379 | D:1      | Found an iron altar of Okawaru.
   671 | D:2      | Noticed Ijyb
   700 | D:2      | Killed Ijyb
   700 | D:2      | Reached XP level 3. HP: 29/33 MP: 3/3
   849 | D:2      | Reached skill level 5 in Axes
   907 | D:2      | Noticed Sigmund
   964 | D:2      | Killed Sigmund
   964 | D:2      | Reached skill level 5 in Fighting
   964 | D:2      | Reached XP level 4. HP: 21/42 MP: 4/4
   964 | D:2      | Reached XP level 5. HP: 24/48 MP: 5/5
  1350 | D:2      | Noticed Natasha
  1364 | D:2      | Killed Natasha
  1364 | D:2      | Reached XP level 6. HP: 41/56 MP: 6/6
  1522 | D:3      | Reached ** piety under Trog
  1959 | D:4      | Reached skill level 6 in Axes
  2171 | D:4      | Reached skill level 1 in Polearms
  2280 | D:5      | Entered Level 5 of the Dungeon
  2280 | D:5      | Noticed an ice beast
  2341 | D:5      | HP: 1/56 [ogre/giant club (21)]
  2351 | D:5      | Demolished by an ogre

Skill      XL: |  1  2  3  4  5  6 |
---------------+-------------------+-----
Fighting       | 4 5 |  5.5
Axes           | 5 6 |  6.0
Armour         | 3 |  3.8
Dodging        | 2 3 |  3.0
Polearms       | 1 |  1.8
Stealth        | |  0.5

Action                   |  1- 3 |  4- 6 || total
-------------------------+-------+-------++-------
Melee: Hand axe          |    70 |       ||    70
       Scythe            |       |    84 ||    84
Invok: Berserk           |     2 |       ||     2
  Use: Scroll            |     1 |     1 ||     2
  Eat: Bread ration      |     1 |     1 ||     2
Armor: Animal skin       |     4 |       ||     4
       Ring mail         |     1 |    48 ||    49
Dodge: Dodged            |    29 |    76 ||   105
